Map: 2000 атмосфер РВ

Players

james

  • Race: Zerg Zerg
  • League: Diamond

Ashbringer - Winner!

  • Race: Protoss Protoss
  • League: Master

VOD

Have the link to the VOD?

Description

Time

  • Played on: April 8, 2021, 3:20 p.m.
  • Length: 10:26
Show
View Real Time Build Order
Export as new Build Order

james Zerg 

Build Orders: Hatch First 

Get SALT Encoding   

  12  0:01  Drone  
  13  0:12  Overlord  
  13  0:16  Drone  
  14  0:31  Drone  
  14  0:32  Drone  
  16  0:49  Hatchery  
  15  0:50  Drone  
  15  0:55  Drone  
  17  0:57  Drone  
  18  1:08  Extractor  
  17  1:13  Spawning Pool  
  17  1:16  Drone  
  17  1:21  Drone  
  18  1:30  Drone  
  19  1:39  Drone  
  20  1:54  Drone  
  21  2:00  Queen x2  
  25  2:01  Zergling x2  
  25  2:02  Zergling x2  
  27  2:11  Overlord  
  27  2:29  Hatchery, Drone  
  27  2:31  Drone x2  
  27  2:33  Drone  
  27  2:37  Zergling x2  
  31  2:44  Zergling x2  
  32  2:54  Drone x2  
  34  3:02  Drone  
  35  3:07  Drone  
  36  3:18  Overlord  
  36  3:20  Overlord  
  35  3:29  Queen  
  35  3:30  Overlord  
  33  3:37  Metabolic Boost  
  33  3:38  Drone  
  33  3:49  Drone x9  
  33  3:54  Drone  
  41  4:02  Pneumatized Carapace  
  41  4:03  Drone x2  
  41  4:05  Drone  
  44  4:13  Drone x4  
  48  4:19  Spore Crawler  
  48  4:20  Spore Crawler  
  41  4:28  Spore Crawler, Drone  
  41  4:29  Drone x2  
  42  4:38  Drone x2  
  42  4:39  Drone x3  
  42  4:42  Drone  
  48  4:46  Queen  
  51  4:52  Drone  
  51  4:54  Roach Warren  
  51  4:55  Drone  
  51  5:01  Drone x4  
  51  5:02  Extractor  
  51  5:03  Drone  
  55  5:08  Drone x3  
  55  5:10  Overlord  
  58  5:14  Overlord  
  56  5:28  Drone x6  
  57  5:35  Roach x4  
  70  5:39  Lair  
  70  5:40  Roach  
  70  5:41  Roach x2, Evolution Chamber  
  73  5:58  Roach x2  
  73  6:03  Roach  
  73  6:12  Roach  
  71  6:20  Roach  
  71  6:21  Overlord x2  
  71  6:22  Zergling x2  
  71  6:23  Zergling x16  
  69  6:45  Drone x8  
  70  6:54  Zerg Missile Weapons Level 1, Extractor  
  70  6:55  Queen  
  70  6:56  Queen  
  70  6:58  Drone x3  
  76  7:04  Extractor  
  76  7:05  Drone, Extractor  
  76  7:06  Drone x2  
  77  7:13  Drone  
  78  7:16  Queen  
  80  7:25  Roach x2  
  80  7:26  Roach  
  80  7:27  Hatchery  
  85  7:31  Queen  
  85  7:34  Roach x2  
  90  7:40  Roach x2  
  90  7:41  Roach  
  96  7:49  Roach  
  96  7:50  Overlord  
  98  7:52  Overlord  
  98  8:00  Overlord  
  98  8:03  Overlord  
  97  8:14  Roach x8  
  97  8:18  Hatchery  
  97  8:19  Roach x2  
  118  8:20  Roach  
  118  8:27  Roach  
  118  8:32  Roach x4  
  128  8:38  Glial Reconstitution  
  128  8:41  Overlord  
  128  8:42  Infestation Pit, Ravager  
  128  8:43  Ravager  
  128  8:44  Zergling x2  
  128  8:45  Zergling x10  
  128  8:48  Overlord x2  
  135  8:54  Extractor  
  135  8:55  Overlord  
  129  9:03  Zergling x2  
  129  9:04  Zergling x12  
  129  9:09  Zergling x4  
  128  9:10  Zergling x2  
  90  9:24  Ravager  
  90  9:25  Ravager x4  
  90  9:27  Zergling x14  
  90  9:28  Zergling x10  
  99  9:38  Roach  
  99  9:39  Roach x4  
  104  9:45  Extractor  
  104  9:50  Roach, Extractor  
  104  9:51  Roach x3  
  92  10:00  Roach x2  
  90  10:13  Ravager  
Show
View Real Time Build Order
Export as new Build Order

Ashbringer Protoss - Winner!

Build Orders: 1 Gate Expand, Oracle Opening, Zealot Archon, Archon Drop 

Get SALT Encoding   

  12  0:00  Probe  
  13  0:12  Probe  
  14  0:18  Pylon  
  14  0:24  Probe (Chrono Boost)  
  15  0:38  Probe (Chrono Boost)  
  15  0:39  Gateway  
  16  0:43  Probe (Chrono Boost)  
  16  0:46  Assimilator  
  17  0:53  Probe  
  18  1:05  Probe  
  19  1:17  Probe  
  20  1:26  Nexus  
  20  1:36  Cybernetics Core  
  20  1:39  Probe  
  21  1:47  Assimilator  
  21  1:51  Probe  
  22  1:54  Pylon  
  22  2:03  Probe  
  23  2:10  Adept (Chrono Boost)  
  23  2:14  Warp Gate  
  23  2:15  Probe  
  26  2:27  Probe (Chrono Boost)  
  26  2:28  Stargate  
  27  2:30  Adept (Chrono Boost)  
  29  2:38  Probe (Chrono Boost)  
  31  2:45  Probe (Chrono Boost)  
  31  2:47  Probe (Chrono Boost)  
  32  2:52  Probe (Chrono Boost), Adept (Chrono Boost)  
  32  2:53  Probe  
  36  3:03  Probe  
  37  3:06  Probe  
  37  3:12  Oracle  
  41  3:15  Probe  
  41  3:18  Probe  
  39  3:28  Probe  
  39  3:30  Probe  
  40  3:40  Probe  
  41  3:42  Probe  
  41  3:47  Robotics Facility  
  40  3:52  Probe (Chrono Boost)  
  40  3:55  Probe (Chrono Boost)  
  40  3:57  Assimilator  
  40  3:59  Assimilator  
  40  4:01  Twilight Council  
  40  4:04  Probe (Chrono Boost)  
  40  4:05  Pylon  
  40  4:08  Adept  
  44  4:12  Probe (Chrono Boost)  
  44  4:13  Probe (Chrono Boost)  
  45  4:18  Probe  
  45  4:23  Probe  
  47  4:28  Gateway  
  47  4:29  Gateway  
  47  4:30  Probe  
  48  4:35  Probe  
  48  4:36  Gateway  
  49  4:42  Probe, Templar Archives  
  49  4:44  Warp Prism (Chrono Boost)  
  52  4:53  Charge (Chrono Boost)  
  52  4:54  Pylon  
  52  5:01  Gateway  
  52  5:06  Pylon  
  52  5:10  Gateway  
  52  5:23  Nexus  
  52  5:28  Probe x2  
  54  5:31  High Templar x3  
  54  5:33  High Templar  
  62  5:36  Archon  
  62  5:37  Archon  
  62  5:40  Probe  
  62  5:41  Forge  
  62  5:42  Probe  
  64  5:49  Pylon  
  64  5:53  Probe  
  64  5:54  Probe  
  66  6:05  Probe  
  66  6:08  Zealot x2  
  67  6:11  Zealot x4  
  71  6:22  Probe  
  71  6:24  Immortal (Chrono Boost)  
  71  6:25  Probe  
  71  6:31  Protoss Ground Weapons Level 1 (Chrono Boost)  
  73  6:34  Probe  
  73  6:37  Probe  
  73  6:38  Probe  
  76  6:46  Probe  
  73  6:47  High Templar x3  
  73  6:48  High Templar, Zealot x2  
  73  6:49  Probe  
  73  6:50  Assimilator  
  73  6:53  Archon x2  
  80  6:54  Assimilator  
  80  6:55  Pylon  
  80  6:56  Probe  
  80  6:58  Probe  
  82  7:04  Probe  
  82  7:07  Shield Battery  
  82  7:08  Immortal  
  87  7:11  Probe  
  88  7:16  Sentry x2  
  88  7:19  Probe, Pylon  
  88  7:20  Probe  
  94  7:25  Probe  
  94  7:28  Pylon  
  95  7:33  Zealot x3  
  101  7:38  Gateway x2  
  101  7:39  Sentry  
  101  7:44  Probe, Pylon  
  104  7:47  Observer  
  105  7:52  Gateway  
  105  7:53  High Templar x2, Gateway  
  109  8:00  Archon  
  109  8:03  Gateway  
  109  8:04  Gateway  
  109  8:08  Warp Prism (Chrono Boost)  
  109  8:10  Pylon  
  111  8:16  Sentry x3, Protoss Ground Weapons Level 2 (Chrono Boost)  
  117  8:25  Pylon  
  117  8:29  Pylon  
  114  8:42  Nexus  
  114  8:44  Probe, Zealot x6  
  127  8:49  Probe  
  127  8:50  Probe  
  129  8:56  Probe  
  129  9:01  Probe  
  129  9:02  Probe  
  130  9:04  Zealot x6  
  123  9:21  Zealot x6  
  127  9:26  Probe  
  127  9:28  Probe x2  
  127  9:30  Pylon  
  130  9:34  Sentry  
  130  9:35  Sentry x4  
  140  9:42  Probe  
  125  10:01  Zealot x11  
  125  10:02  Zealot  
  125  10:06  Probe  
  125  10:07  Probe  
  143  10:08  Assimilator  
  143  10:10  Assimilator  
Tags
 
Add a new tag
Caveats
  • Supply blocks, unpowered buildings, or Contaminate may cause inaccurate times.
  • Supply counts are checked every 10 seconds.